 Dungeon Crawl Stone Soup version 0.31-a0-765-g67fe2935dc (webtiles) character file.

Game seed: 10835767199176873995

448 LeprechaunX the Changeling (level 7, -3/46 HPs)
             Began as an Octopode Shapeshifter on Sept 15, 2023.
             Killed from afar by an orc wizard (13 damage)
             ... with a puff of flame
             ... on level 4 of the Dungeon.
             The game lasted 00:03:54 (2948 turns).

LeprechaunX the Changeling (Octopode Shapeshifter)  Turns: 2948, Time: 00:03:55

Health: -3/46      AC:  1    Str: 15    XL:     7   Next: 3%
Magic:  7/7        EV: 18    Int: 13    God:
Gold:   150        SH:  0    Dex: 11    Spells: 6/6 levels left

rFire   . .          .
                       - Unarmed
rCold   . . .        (no shield)
rNeg    . . .        (helmet currently unavailable)
rPois   .            (no amulet)
rElec   .            g - +5 ring of evasion
rCorr   .            (no ring)
SInv    .            (no ring)
Will    .....        (no ring)
Stlth   ++           (no ring)
HPRegen 0.27/turn    (no ring)
MPRegen 0.10/turn    (no ring)
                     (no ring)

%: no passive effects
@: beast-form
A: beast (slay +2), almost no armour, amphibious, 8 rings, camouflage 1,
gelatinous body 1, (nimble swimmer 1), tentacles
a: Begin Untransformation


You were on level 4 of the Dungeon.
You were a hulking beast.
You visited 1 branch of the dungeon, and saw 4 of its levels.

You collected 150 gold pieces.

Inventory:

Hand Weapons
 a - a +0 shortbow
Armour
 m - an orb of light
Jewellery
 g - a +5 ring of evasion (left tentacle)
Talismans
 b - a beast talisman (active)
 c - a flux talisman
Scrolls
 d - 5 scrolls of identify {unknown}
 h - 3 scrolls of noise {unknown}
 i - a scroll of amnesia {unknown}
 j - 2 scrolls of revelation {unknown}
 k - a scroll of silence {unknown}
 l - 3 scrolls of teleportation {unknown}
 r - a scroll of vulnerability {unknown}
 s - a scroll of acquirement {unknown}
Potions
 e - 2 potions of mutation {unknown}
 f - a potion of resistance {unknown}
 n - a potion of berserk rage {unknown}
 o - 2 potions of heal wounds {unknown}
 p - 2 potions of cancellation {unknown}
 q - a potion of lignification
 t - a potion of haste {unknown}


   Skills:
 + Level 3.1 Fighting
 + Level 3.6 Dodging
 + Level 4.3 Unarmed Combat
 * Level 5.0 Shapeshifting


You had 6 spell levels left.
You didn't know any spells.
Your spell library contained the following spells:

 Spells                   Type           Power      Damage    Failure   Level
 Necrotise                Necr           0%         1d4       30%         1
 Lesser Beckoning         Tloc           0%         N/A       43%         2
 Gell's Gravitas          Tloc           0%         N/A       67%         3
 Teleport Other           Tloc           0%         N/A       67%         3
 Vampiric Draining        Necr           0%         2d6       67%         3
 Olgreb's Toxic Radiance  Pois           0%         N/A       97%         4
 Agony                    Necr           0%         N/A       100%        5
 Discord                  Hex            0%         N/A       100%        8
 Ignition                 Fire           0%         3d3       100%        8


Dungeon Overview and Level Annotations

Branches:
Dungeon (4/15)
 Temple: D:4-7

Altars:


Innate Abilities, Weirdness & Mutations

You are a hulking beast.
Your limbs bulge with bestial killing power. (Slay +2)
You cannot wear most types of armour.
You are amphibious.
You can wear up to eight rings at the same time.
Your skin changes colour to match your surroundings (Stealth+).
Your rubbery body absorbs attacks. (AC +1, EV +1)
((You are camouflaged when in or above water. (Stealth+)))
You have tentacles for arms and can constrict up to eight enemies at once.


Message History

The orc wizard is moderately wounded.
You constrict the orc wizard. The orc wizard misses you.
You tentacle-slap the orc wizard but do no damage.
The orc wizard is heavily wounded.
You constrict the orc wizard, but do no damage.
The orc wizard hits you with a +2 dagger of protection.
The orc priest calls down the wrath of Beogh upon you.
Beogh smites you!
You tentacle-slap the orc wizard.
The orc wizard is severely wounded.
You constrict the orc wizard.
The orc wizard hits you with a +2 dagger of protection.
You tentacle-slap the orc wizard.
You kill the orc wizard!
The orc misses you.
Your Shapeshifting skill increases to level 5!
You have reached level 7!
You tentacle-slap the orc. Your grab misses the orc.
The orc is heavily wounded.
The orc closely misses you. The orc hits you with a +0 morningstar!
* * * LOW HITPOINT WARNING * * *
Unknown command.
The orc attacks as it pursues you! The orc hits you with a +0 club.
* * * LOW HITPOINT WARNING * * *
Unknown command.
You tentacle-slap the orc. Your grab misses the orc.
The orc is severely wounded.
The orc closely misses you.
Unknown command.
You tentacle-slap the orc priest. You grab the orc priest.
The orc priest is heavily wounded.
You constrict the orc priest, but do no damage.
The orc priest casts a cantrip, but nothing happens.
The orc barely misses you. The orc closely misses you.
Unknown command.
You tentacle-slap the orc priest. You squeeze the orc priest.
You kill the orc priest!
The orc wizard casts a spell at you. The puff of flame hits you!
You die...

#........#........
##...).....#..(##..
#.......#.###..##..
#......##......##..
#######.....#...........
##....#..................
#..................#.....
#........)........#......
####.(..h)..o............
####.oo.....).........
##.......<>........
##..............##
..............#..
..............##.
...###.......#.# . ...#
#####.†#### #..## #†###


You could see an orc wizard and 2 orcs.

Vanquished Creatures
  An ogre (D:4)
  A phantom (D:4)
  A scorpion (D:4)
  An orc priest (D:4)
  A hound (D:3)
  Jessica (D:2)
  2 orc wizards (D:4)
  4 adders
  2 worms (D:2)
  A dart slug (D:2)
  2 orcs
  8 endoplasms
  2 giant cockroaches (D:3)
  9 goblins
  4 hobgoblins
  7 jackals
  2 quokkas
  4 ball pythons
  9 bats
  8 frilled lizards
  7 kobolds
  2 rats
79 creatures vanquished.

Notes
Turn   | Place    | Note
-------+----------+-------------------------------------------
     0 | D:1      | LeprechaunX the Octopode Shapeshifter began the quest for
                  | the Orb.
     0 | D:1      | Reached XP level 1. HP: 13/13 MP: 1/1
   152 | D:1      | Reached XP level 2. HP: 18/18 MP: 2/2
   429 | D:1      | Reached XP level 3. HP: 22/23 MP: 3/3
   590 | D:1      | You fall into a shaft and drop 1 floor!
   870 | D:2      | Noticed Jessica
   877 | D:2      | Killed Jessica
   878 | D:2      | Reached XP level 4. HP: 15/29 MP: 4/4
  2377 | D:3      | Reached skill level 4 in Shapeshifting
  2377 | D:3      | Reached XP level 5. HP: 33/34 MP: 5/5
  2631 | D:4      | Noticed a phantom
  2676 | D:4      | Killed a phantom
  2677 | D:4      | Reached XP level 6. HP: 26/41 MP: 6/6
  2944 | D:4      | Reached skill level 5 in Shapeshifting
  2944 | D:4      | Reached XP level 7. HP: 22/46 MP: 7/7
  2948 | D:4      | Killed from afar by an orc wizard

Illustrated notes

Levels and vault maps discovered:
D:1:      dpeg_arrival_boxorama, layout_basic
D:2:      layout_loops_corners, uniq_jessica
D:3:      layout_basic, dk_noncrumbling_2
D:4:      layout_cave_pools, gammafunk_temple_overflow_wave, minmay_ruptured

Skill      XL: |  1  2  3  4  5  6 |
---------------+-------------------+-----
Fighting       | 2 3 |  3.1
Shapeshifting  | 4 5 |  5.0
Dodging        | 3 |  3.6
Unarmed Combat | 4 |  4.3

Action                     |  1- 3 |  4- 6 |  7- 9 || total
---------------------------+-------+-------+-------++-------
  Melee: Unarmed           |    60 |   103 |     4 ||   167
         Tentacles         |     9 |    10 |     1 ||    20
         Constrict         |    13 |    13 |     1 ||    27
         Punch             |     2 |     3 |       ||     5
   Fire: Shortbow          |       |    34 |       ||    34
   Stab: Sleeping          |     6 |     9 |       ||    15
 Armour: Skin              |    15 |    39 |     3 ||    57
  Dodge: Dodged            |    27 |    92 |     4 ||   123

Table legend: (Time is in decaauts)
 A = Elapsed time spent in this place.
 B = Non-inter-level travel time spent in this place.
 C = Inter-level travel time spent in this place.
 D = Time resting spent in this place.
 E = Time spent auto-exploring this place.
 F = Levels seen in this place.
 G = Mean time per level.
                   A        B        C        D        E       F      G
               +--------+--------+--------+--------+--------+-----+--------+
         Total |   2945 |   2751 |    194 |    226 |   1997 |   4 |  736.2 |
       Dungeon |   2945 |   2751 |    194 |    226 |   1997 |   4 |  736.2 |
               +--------+--------+--------+--------+--------+-----+--------+

Top non-repeatable levels by time:
     D:2: 993 daAuts
     D:3: 861 daAuts
     D:1: 787 daAuts
     D:4: 302 daAuts
